 Dungeon Crawl Stone Soup version 0.19.0-19-g8c6edcc (webtiles) character file.

10984 Hildebrand the Basher (level 11, -2/107 (108) HPs)
             Began as a Minotaur Berserker on Nov 13, 2016.
             Was an Elder of Trog.
             Slain by a vampire mosquito (3 damage)
             ... on level 11 of the Dungeon on Nov 14, 2016.
             The game lasted 00:49:07 (10957 turns).

Hildebrand the Basher (Minotaur Berserker)         Turns: 10957, Time: 00:49:07

HP:   -2/107 (108)  AC: 13    Str: 24    XL:     11   Next: 43%
MP:   3/3           EV: 12    Int: 14    God:    Trog [****..]
Gold: 614           SH:  4    Dex: 10    Spells: 0 memorised, 10 levels left

rFire  + . .     SeeInvis .     u - +3 flail (antimagic)
rCold  . . .     Gourm    .     G - +1 ring mail "Isawou" {rF+ Str-4 Int+8 Slay+3}
rNeg   . . .     Faith    .     v - +0 buckler
rPois  .         Spirit   .     (helmet restricted)
rElec  .         Reflect  .     e - +1 cloak
rCorr  .         Harm     .     (no gloves)
MR     ++...     Clarity  +     (no boots)
Stlth  ..........               (no amulet)
                                l - +4 ring of protection
                                k - +5 ring of strength

@: lethally poisoned (-2 -> -20), regenerating, slowed, drained, very slow
A: retaliatory headbutt, horns 2, clarity
a: Berserk, Trog's Hand, Brothers in Arms, Burn Spellbooks, Renounce Religion


You were on level 11 of the Dungeon.
You worshipped Trog.
Trog was greatly pleased with you.
You were not hungry.

You visited 2 branches of the dungeon, and saw 12 of its levels.

You collected 614 gold pieces.

Inventory:

Hand Weapons
 u - a +3 antimagic flail (weapon)
Missiles
 b - 4 javelins
 x - 7 poisoned javelins (quivered)
 E - 8 javelins of returning
 F - 8 steel javelins
Armour
 e - a +1 cloak (worn)
 v - a +0 buckler (worn)
 G - the +1 ring mail "Isawou" (worn) {rF+ Str-4 Int+8 Slay+3}
   (You acquired it on level 9 of the Dungeon)

   It affects your strength (-4).
   It affects your intelligence (+8).
   It affects your accuracy and damage with ranged weapons and melee attacks
   (+3).
   It protects you from fire.
 J - a +0 plate armour
Rods
 s - a +0 rod of shadows (9/9)
   (You found it on level 5 of the Dungeon)
Jewellery
 d - a +3 ring of evasion
 k - a +5 ring of strength (left hand)
 l - a +4 ring of protection (right hand)
 t - a +4 ring of dexterity
 D - an uncursed ring of flight
Wands
 j - a wand of teleportation (3/9)
 y - a wand of hasting (5/9)
Scrolls
 p - 6 scrolls of remove curse
 z - 3 scrolls of fog
 K - a scroll of recharging {unknown}
Potions
 a - a potion of ambrosia {unknown}
 f - 5 potions of agility
 g - 6 potions of curing
 i - 3 potions of haste
 n - 3 potions of lignification
 q - 2 potions of heal wounds
 r - a potion of resistance
 w - 2 potions of might
 A - 2 potions of invisibility
 B - a potion of brilliance
 C - a potion of flight {unknown}
 H - a potion of cancellation {unknown}
Comestibles
 c - 12 bread rations
 h - 4 meat rations
 m - 10 fruits
 I - a slice of pizza


   Skills:
 * Level 13.9(13.3) Fighting
 * Level 14.0(13.4) Maces & Flails
 + Level 3.2(2.7) Throwing
 + Level 5.1(4.6) Armour
 + Level 4.9(4.4) Dodging
 + Level 3.1(2.6) Shields


You had 10 spell levels left.
You didn't know any spells.

Dungeon Overview and Level Annotations

Branches:
Dungeon (11/15)            Temple (1/1) D:5            Lair (0/6) D:11
    Orc: D:9-12

Altars:
Ashenzari
Dithmenos
Makhleb
Nemelex Xobeh
Okawaru
Sif Muna
Trog
Vehumet
Xom
Yredelemnul
Zin

Shops:
D:4 !   D:11 (

Annotations:
D:9 exclusion: orange crystal statue
D:11 Sonja


Innate Abilities, Weirdness & Mutations

You reflexively headbutt those who attack you in melee.
You have a pair of horns on your head.
You possess an exceptional clarity of mind.


Message History

Huge Dmg: -9%(-10hp) hp: 15%(15hp)
* * * LOW HITPOINT WARNING * * *
You feel extremely sick.
The vampire mosquito bites you but does no damage.
The vampire mosquito misses you. You furiously retaliate!
You headbutt the vampire mosquito.
The vampire mosquito bites you but does no damage. x2
The vampire mosquito barely misses you.
The vampire mosquito bites you but does no damage. x2
Found 13 stones.
Huge Dmg: -5%(-5hp) hp: 10%(10hp)
Your two-headed ogre goes berserk!
You feel quite a bit more hungry.
* * * LOW HITPOINT WARNING * * *
You feel very sick. The vampire mosquito bites you.
* * * LOW HITPOINT WARNING * * *
The vampire mosquito draws strength from your injuries!
The vampire mosquito bites you.
You die...

#...####'######YY.
#......... .Y§. .#
+........# ##.Y.
.# #........# #.Y.
.# #........# #...
.# #........# #..Y
.##### #yl......#
#... ......
#yy......# ......
#@y......# ......
..(..O...#####.#
...... .....$...#
. ......
########## .###..
.# . .# .# ##


You could see 4 vampire mosquitoes, a leopard gecko and a friendly two-headed
ogre (berserk).

Vanquished Creatures
  Erolcha (D:9)
  The ghost of fearitself the Spear-Bearer, a novice VSAM of the Shining One (D:7)
  3 hill giants
  An elephant (D:11)
  Joseph (D:8)
  Psyche (D:10)
  A hornet (D:11)
  4 hippogriffs
  A spriggan (D:7)
  A wyvern (D:10)
  4 yaks (D:10)
  A hungry ghost (D:8)
  Menkaure (D:6)
  Edmund (D:6)
  Duvessa (D:6)
  A hornet zombie (D:11)
  A sky beast (D:7)
  A black bear (D:8)
  An eye of draining (D:7)
  2 ice beasts
  7 orc warriors
  2 phantoms
  6 ogres
  A necrophage (D:5)
  7 centaurs
  A crocodile (D:11)
  4 bullfrogs
  Dowan (D:6)
  4 scorpions
  A water moccasin skeleton (D:5)
  3 killer bees (D:9)
  5 wights (D:11)
  6 crimson imps
  A howler monkey (D:4)
  2 quasits
  9 orc wizards
  5 orc priests
  2 bullfrog skeletons
  A centaur skeleton (D:7)
  A gnoll shaman (D:6)
  5 hounds
  4 jellies
  8 iguanas
  A worker ant zombie (D:11)
  4 gnolls (D:6)
  7 adders
  A howler monkey skeleton (D:4)
  6 shadow imps
  An adder skeleton (D:5)
  2 worms (D:5)
  A dart slug (D:1)
  4 leopard geckos
  47 orcs
  A ball python (D:4)
  6 giant cockroaches
  6 goblins
  5 hobgoblins
  2 jackals (D:8)
  8 kobolds
  3 quokkas
  11 bats
  9 frilled lizards
  A leopard gecko zombie (D:6)
  2 quokka zombies
  5 rats
248 creatures vanquished.

Notes
Turn   | Place    | Note
-------+----------+-------------------------------------------
     0 | D:1      | Hildebrand the Minotaur Berserker began the quest for the Orb.
     0 | D:1      | Reached XP level 1. HP: 19/19 MP: 0/0
   115 | D:1      | Reached skill level 4 in Maces & Flails
   139 | D:1      | Reached XP level 2. HP: 27/27 MP: 1/1
   790 | D:2      | Reached XP level 3. HP: 30/34 MP: 2/2
   865 | D:2      | Gained mutation: You possess an exceptional clarity of mind. [potion of beneficial mutation]
  1043 | D:2      | Reached ** piety under Trog
  1087 | D:2      | Reached XP level 4. HP: 40/41 MP: 3/3
  1189 | D:2      | Reached skill level 5 in Fighting
  1215 | D:2      | Reached skill level 5 in Maces & Flails
  1565 | D:3      | Found a radiant altar of Vehumet.
  2078 | D:3      | Huge Dmg: 14 dmg
  2087 | D:3      | Reached XP level 5. HP: 33/48 MP: 4/4
  2403 | D:4      | Huge Dmg: 10 dmg
  2412 | D:4      | Huge Dmg: 10 dmg
  2666 | D:4      | Found a deep blue altar of Sif Muna.
  2858 | D:4      | Reached skill level 6 in Maces & Flails
  2867 | D:4      | Reached XP level 6. HP: 51/58 MP: 5/5
  3138 | D:4      | Reached *** piety under Trog
  3307 | D:4      | Huge Dmg: 12 dmg
  3515 | D:4      | Found Uzaojah's Distillery.
  3735 | D:5      | Entered Level 5 of the Dungeon
  3800 | D:5      | Noticed an ice beast
  3809 | D:5      | Huge Dmg: 16 dmg
  3810 | D:5      | Killed an ice beast
  3810 | D:5      | Reached skill level 7 in Maces & Flails
  3906 | D:5      | Reached XP level 7. HP: 66/66 MP: 2/6
  4020 | D:5      | Found a staircase to the Ecumenical Temple.
  4027 | Temple   | Entered the Ecumenical Temple
  4068 | D:5      | Reached skill level 8 in Maces & Flails
  4390 | D:5      | Reached XP level 8. HP: 58/76 MP: 2/7
  4635 | D:5      | Identified a +0 rod of shadows (9/9) (You found it on level 5 of the Dungeon)
  4975 | D:6      | Huge Dmg: 21 dmg
  4978 | D:6      | Reached skill level 9 in Maces & Flails
  5194 | D:6      | Noticed Menkaure
  5203 | D:6      | Killed Menkaure
  5444 | D:6      | Noticed Edmund
  5454 | D:6      | Killed Edmund
  5626 | D:6      | Reached skill level 10 in Fighting
  5626 | D:6      | Reached skill level 10 in Maces & Flails
  5741 | D:6      | Noticed Duvessa
  5742 | D:6      | Noticed Dowan
  5751 | D:6      | Killed Duvessa
  5751 | D:6      | Received a gift from Trog
  5755 | D:6      | Killed Dowan
  5959 | D:7      | Noticed fearitself's ghost (novice VSAM)
  5963 | D:7      | Reached XP level 9. HP: 79/85 MP: 2/8
  5978 | D:7      | Killed fearitself's ghost
  5978 | D:7      | Reached skill level 11 in Maces & Flails
  6443 | D:7      | Reached **** piety under Trog
  6473 | D:7      | Reached skill level 12 in Maces & Flails
  6475 | D:7      | Huge Dmg: 11 dmg
  6477 | D:7      | Received a gift from Trog
  7146 | D:8      | Noticed Joseph
  7155 | D:8      | Killed Joseph
  7155 | D:8      | Reached XP level 10. HP: 75/98 MP: 3/9
  7351 | D:8      | Found a bloodstained altar of Trog.
  7355 | D:8      | Found a glowing silver altar of Zin.
  7356 | D:8      | Found a shadowy altar of Dithmenos.
  7356 | D:8      | Found a basalt altar of Yredelemnul.
  7357 | D:8      | Found an iron altar of Okawaru.
  7360 | D:8      | Found a shimmering altar of Xom.
  7361 | D:8      | Found a burning altar of Makhleb.
  7385 | D:8      | Received a gift from Trog
  7411 | D:8      | Huge Dmg: 20 dmg
  7778 | D:8      | Noticed a hill giant
  7782 | D:8      | Huge Dmg: 26 dmg
  7786 | D:8      | Killed a hill giant
  7792 | D:8      | Huge Dmg: 34 dmg
  7910 | D:8      | Found a sparkling altar of Nemelex Xobeh.
  8102 | D:9      | Reached skill level 13 in Maces & Flails
  8386 | D:9      | Noticed a hill giant
  8392 | D:9      | Huge Dmg: 24 dmg
  8397 | D:9      | Killed a hill giant
  8397 | D:9      | Reached skill level 1 in Throwing
  8397 | D:9      | Reached skill level 1 in Shields
  8614 | D:9      | Noticed an orange crystal statue
  8640 | D:9      | Noticed Erolcha
  8648 | D:9      | Killed Erolcha
  8692 | D:9      | Identified a scroll of acquirement
  8693 | D:9      | Got a pitted ring mail
  8706 | D:9      | Identified the +1 ring mail "Isawou" {rF+ Str-4 Int+8 Slay+3} (You acquired it on level 9 of the Dungeon)
  8726 | D:10     | Entered Level 10 of the Dungeon
  8867 | D:10     | Reached XP level 11. HP: 106/106 MP: 3/10
  8920 | D:10     | Noticed Psyche
  8926 | D:10     | Killed Psyche
 10063 | D:11     | Found a staircase to the Lair.
 10082 | D:11     | Noticed a hill giant
 10097 | D:11     | Killed a hill giant
 10097 | D:11     | Reached skill level 5 in Armour
 10477 | D:11     | Found Qybedgh's Antique Weapon Shoppe.
 10569 | D:11     | Reached skill level 14 in Maces & Flails
 10574 | D:11     | Paralysed by a hornet for 3 turns
 10948 | D:11     | Noticed Sonja
 10952 | D:11     | Huge Dmg: 18 dmg
 10953 | D:11     | Huge Dmg: 23 dmg
 10954 | D:11     | Huge Dmg: 11 dmg
 10955 | D:11     | Huge Dmg: 7 dmg
 10956 | D:11     | Huge Dmg: 10 dmg
 10957 | D:11     | Huge Dmg: 5 dmg
 10957 | D:11     | HP: 1/107 [vampire mosquito (5)]
 10957 | D:11     | Slain by a vampire mosquito

Skill      XL: |  1  2  3  4  5  6  7  8  9 10 11 |
---------------+----------------------------------+-----
Maces & Flails | 4 5 6 7 8 10 12 13 14 | 14.0
Fighting       | 4 5 6 7 8 10 12 13 | 13.9
Armour         | 4 5 |  5.1
Dodging        | 4 |  4.9
Throwing       | 2 3 |  3.2
Shields        | 2 3 |  3.1

Action                   |  1- 3 |  4- 6 |  7- 9 | 10-12 || total
-------------------------+-------+-------+-------+-------++-------
Melee: Mace              |    54 |   101 |       |       ||   155
       Headbutt          |     5 |    22 |    58 |    55 ||   140
       Flail             |       |    11 |   258 |   251 ||   520
Invok: Trog's Hand       |       |       |     3 |     4 ||     7
       Berserk           |       |       |       |     1 ||     1
       Brothers in Arms  |       |       |       |     1 ||     1
  Use: Scroll            |     7 |     5 |    12 |     4 ||    28
       Potion            |     1 |       |       |       ||     1
  Eat: Chunk             |     1 |     7 |     9 |    14 ||    31
       Bread ration      |       |     1 |       |     1 ||     2
Armor: Animal skin       |    14 |       |       |       ||    14
       Ring mail         |     1 |    39 |    16 |    58 ||   114
       Chain mail        |       |       |    99 |    49 ||   148
Dodge: Dodged            |    46 |    69 |    77 |   106 ||   298
Block: Buckler           |       |       |       |    41 ||    41
